Match 45776985
Unlisted

Match 45776985
End
Kradschützen Motorcycle Team
Selects Italian Combined Arms Battlegroup
Selects Bersaglieri Squad
Bersaglieri Squad
Bersaglieri Squad
Construct Light Support Kompanie
Panzerjäger Squad
250 Light Carrier
Selects Bersaglieri Bolster
Construct Mechanized Kompanie
8 Rad Armored Car
Marder III Tank Destroyer
8 Rad Armored Car
Vehicle Survival Package
2.5-tonne Medical Truck
Selects Breda Model 30 Light Machine Guns
Marder III Tank Destroyer
MMMerVVV
돈이사라지는마술
KeepMovingShnep
我晋升你为上士
MathiasCZR01
Marowi
Adult Asthma Is A Choice
Not Emily Willis™
0
0

Comments sign in to comment!

No comments posted yet!